 Dungeon Crawl Stone Soup version 0.30-a0-591-g3c58d2bc28 (webtiles) character file.

Game seed: 14924725078387324065

8700 pokeman the Thaumaturge (level 11, -11/60 HPs)
             Began as a Deep Elf Hedge Wizard on Jan 4, 2023.
             Was a Priest of Vehumet.
             Mangled by a white ugly thing (20 damage)
             ... on level 9 of the Dungeon.
             The game lasted 00:32:14 (12030 turns).

pokeman the Thaumaturge (Deep Elf Hedge Wizard)    Turns: 12030, Time: 00:32:14

Health: -11/60     AC: 14    Str:  7    XL:     11   Next: 13%
Magic:  28/31      EV: 11    Int: 30    God:    Vehumet [***...]
Gold:   594        SH:  0    Dex: 14    Spells: 25/38 levels left

rFire   . . .      SeeInvis .    o - +1 hand axe (elec)
rCold   . . .      Faith    .    (no shield)
rNeg    . . .      Spirit   .    R - +0 acid dragon scales
rPois   .          Reflect  .    m - +0 helmet
rElec   .          Harm     .    n - +0 cloak
rCorr   +          Rampage  .    (no gloves)
Will    +....                    i - +0 pair of boots
Stlth   +                        (no amulet)
HPRegen 0.30/turn                j - +6 ring of intelligence
MPRegen 0.22/turn                q - +4 ring of protection

@: confused
A: no striking features
a: Renounce Religion


You were on level 9 of the Dungeon.
You worshipped Vehumet.
Vehumet was most pleased with you.
You visited 2 branches of the dungeon, and saw 10 of its levels.
You also visited: Ossuary.

You collected 650 gold pieces.
You spent 56 gold pieces at shops.

Inventory:

Hand Weapons
 c - a +2 quarterstaff of chaos
 o - a +1 hand axe of electrocution (weapon)
 P - a +1 dagger of venom
Missiles
 M - a throwing net
Armour
 b - a +0 robe
 i - a +0 pair of boots (worn)
 m - a +0 helmet (worn)
 n - a +0 cloak (worn)
 w - a +2 robe of willpower
 K - a +0 kite shield
 Q - an orb of light
 R - +0 acid dragon scales (worn)
Magical Staves
 f - a staff of poison
 v - a staff of conjuration
 U - a staff of fire
Jewellery
 j - a +6 ring of intelligence (left hand)
 l - a ring of protection from fire
 q - a +4 ring of protection (right hand)
 C - a +6 ring of strength
 F - an amulet of faith
 J - a ring of resist corrosion
Wands
 L - a wand of polymorph (9)
Scrolls
 g - 9 scrolls of teleportation
 k - a scroll of poison
 s - 3 scrolls of enchant weapon
 t - 2 scrolls of amnesia
 u - 2 scrolls of enchant armour
 y - 5 scrolls of magic mapping
 z - 6 scrolls of fog
 B - a scroll of fear
 G - a scroll of brand weapon
 N - a scroll of torment {unknown}
Potions
 a - 4 potions of mutation
 d - a potion of magic
 e - 2 potions of invisibility
 h - 10 potions of degeneration
 p - 4 potions of brilliance
 r - 4 potions of ambrosia
 x - 2 potions of haste
 A - 2 potions of heal wounds
 D - 2 potions of cancellation
 E - 3 potions of flight
 H - a potion of berserk rage {unknown}
 I - a potion of might {unknown}
 O - 2 potions of curing {unknown}
 S - 2 potions of attraction {unknown}
Miscellaneous
 T - a condenser vane


   Skills:
 + Level 3.7 Fighting
 - Level 3.0 Armour
 - Level 3.0 Dodging
 - Level 3.0 Stealth
 - Level 3.0 Shields
 * Level 14.4 Spellcasting
 + Level 9.4 Conjurations
 + Level 7.5 Summonings
 - Level 1.1 Translocations
 + Level 0.8 Fire Magic
 - Level 1.1 Air Magic
 - Level 1.1 Poison Magic
 - Level 2.1 Evocations


You had 25 spell levels left.
You knew the following spells:

 Your Spells              Type           Power      Damage    Failure   Level
a - Magic Dart            Conj           100%       1d8       1%          1
b - Mephitic Cloud        Conj/Pois/Air  45%        N/A       1%          3
c - Call Imp              Summ           61%        N/A       1%          2
d - Blink                 Tloc           56%        N/A       3%          2
e - Arcjolt               Conj/Air       26%        1d36      3%          5

Your spell library contained the following spells:

 Spells                   Type           Power      Damage    Failure   Level
 Scorch                   Fire           52%        2d7       1%          2
 Searing Ray              Conj           100%       2d8       1%          2
 Fulminant Prism          Conj/Hex       24%        3d12      1%          4
 Inner Flame              Hex/Fire       24%        N/A       2%          3
 Slow                     Hex            84%        N/A       4%          1
 Cigotuvi's Dreadful Rot  Necr/Pois/Air  52%        N/A       4%          2
 Gell's Gravitas          Tloc           28%        N/A       8%          3
 Teleport Other           Tloc           28%        N/A       8%          3
 Vhi's Electric Charge    Tloc/Air       56%        N/A       8%          3
 Cause Fear               Hex            10%        N/A       36%         4
 Dispersal                Tloc           14%        N/A       98%         6
 Discord                  Hex            10%        N/A       100%        8
 Maxwell's Capacitive Co  Air            14%        ∞         100%        8


Dungeon Overview and Level Annotations

Branches:
Dungeon (9/15)             Temple (1/1) D:6            Lair (0/5) D:9
Ossuary (visited)
    Orc: D:9-12

Altars:
Elyvilon
Gozag
Kikubaaqudgha
Makhleb
Qazlal
Trog
Uskayaw
Vehumet
Yredelemnul

Shops:
D:6 :   D:8 ?

Annotations:
D:9 2 runed translucent doors


Message History

The manticore barely misses your shadow imp.
Your shadow imp gestures at the white ugly thing.
The white ugly thing writhes in agony!
Unknown command.
The white ugly thing bites your shadow imp.
The white ugly thing freezes your shadow imp.
Your shadow imp resists.
Your shadow imp dies!
Your shadow imp disappears in a puff of smoke!
Casting: Call Imp (safe; 1% risk of failure)
Confirm with . or Enter, or press ? or * to list all spells.
Aiming: Mephitic Cloud (safe; 1% risk of failure)
Press: ? - help, Shift-Dir - straight line, f - manticore
Aim: a manticore (black smoke, chance to affect: 58%) That beam is likely to hit you.
Continue anyway?
The ball explodes into a vile cloud!
The stinking cloud engulfs the manticore but does no damage.
The stinking cloud engulfs you but does no damage.
The stinking cloud engulfs the white ugly thing but does no damage.
The white ugly thing is lightly wounded.
You are engulfed in noxious fumes.
You choke on the stench!
You are confused.
The white ugly thing is engulfed in noxious fumes.
The manticore barely misses you. The manticore claws you.
* * * LOW HITPOINT WARNING * * *
The manticore barely misses you.
Unknown command.
Unknown command.
You are engulfed in noxious fumes.
You choke on the stench!
You are more confused.
The white ugly thing is engulfed in noxious fumes.
The white ugly thing barely misses you. The manticore barely misses you.
The manticore claws you but does no damage.
The manticore claws you.
* * * LOW HITPOINT WARNING * * *
The white ugly thing is engulfed in noxious fumes.
The white ugly thing bites you.
* * * LOW HITPOINT WARNING * * *
The white ugly thing freezes you!!
You die...

.............#.#8....8#
#[.#.##.#
......<......#.#=....(#
######..#
#.###....)...#.#?....:#
######..# #.#
#..####....#8....8#
#....##?# #.# #..#
#....##8..8#######..#.#
..# #..#
#.....##○'##.')#.##.#..
..# #..#
#..##.☼H○...)#[.#)#.#..
..# #..#
#..###○u##...#.####.#..
..# #..# #..#
#@.###..##†...##.. ..#
#..# #..# #..#
#...######... ).# #..#
#..# #..# #............
..# #..# #..# #..#
#..#......... ..# #..#
#..# #..# #..##........
..###..#
#..###..###..##........
.......#
#......................
########
#######################


You could see a white ugly thing and a manticore.

Vanquished Creatures
  A boulder beetle (D:9)
  A tengu warrior (D:9)
  Pikel (D:6)
  Maurice (D:8)
  2 komodo dragons (D:9)
  Sigmund (D:3)
  2 yaks (D:9)
  2 wyverns
  A vampire (D:9)
  Eustachio (D:6)
  3 steam dragons
  Menkaure (D:4)
  2 acid dragons (D:8)
  2 water moccasins
  Duvessa (D:5)
  An ice beast (D:6)
  A centaur (D:7)
  2 kobold brigands
  3 phantoms
  8 bullfrogs
  2 necrophages (D:6)
  3 gnoll sergeants
  3 scorpions
  17 killer bees
  An electric eel (D:8)
  4 howler monkeys
  4 hounds
  A gnoll bouda (D:5)
  2 human zombies (Ossuary)
  Crazy Yiuf (D:2)
  A jelly (D:7)
  5 orc wizards
  3 mummies (Ossuary)
  20 gnolls
  11 adders
  A shadow imp (D:8)
  5 white imps
  2 worms
  3 dart slugs
  28 orcs
  4 ball pythons
  7 endoplasms
  5 giant cockroaches
  11 goblins
  2 hobgoblins
  5 jackals
  A quokka (D:1)
  4 bats
  A frilled lizard (D:3)
  2 goblin zombies (Ossuary)
  2 hobgoblin zombies (Ossuary)
  17 kobolds
  A kobold zombie (Ossuary)
  An orc zombie (Ossuary)
  4 rats
221 creatures vanquished.

Vanquished Creatures (collateral kills)
  A wyvern (D:9)
  2 yaks (D:9)
  A centaur (D:8)
  A kobold brigand (D:8)
  A bullfrog (D:9)
  A gnoll sergeant (D:9)
  Dowan (D:5)
  A howler monkey (D:8)
  A gnoll bouda (D:8)
  An orc wizard (D:4)
  A mummy (Ossuary)
  A worm (D:2)
  4 orcs
  A kobold (D:8)
18 creatures vanquished.

Vanquished Creatures (others)
  56 fungi
  51 plants (D:9)
107 creatures vanquished.

Grand Total: 346 creatures vanquished

Notes
Turn   | Place    | Note
-------+----------+-------------------------------------------
     0 | D:1      | pokeman the Deep Elf Hedge Wizard began the quest for the
                  | Orb.
     0 | D:1      | Reached XP level 1. HP: 10/10 MP: 7/7
    31 | D:1      | Found a faded altar of an unknown god.
   222 | D:1      | Reached XP level 2. HP: 14/15 MP: 0/9
  1000 | D:2      | Reached skill level 5 in Spellcasting
  1089 | D:2      | Reached XP level 3. HP: 20/20 MP: 5/11
  1093 | D:2      | Learned a level 3 spell: Mephitic Cloud
  1096 | D:2      | Learned a level 2 spell: Blink
  1099 | D:2      | Learned a level 2 spell: Call Imp
  1334 | D:2      | Reached skill level 1 in Fighting
  1397 | D:2      | Reached skill level 1 in Armour
  1613 | D:2      | Reached XP level 4. HP: 25/25 MP: 10/13
  1803 | D:2      | Found a runed translucent door.
  1804 | D:2      | Noticed Crazy Yiuf
  1814 | D:2      | Killed Crazy Yiuf
  2479 | D:3      | Found a hide-covered altar of Uskayaw.
  2480 | D:3      | Found a basalt altar of Yredelemnul.
  2688 | D:3      | Noticed Sigmund
  2702 | D:3      | Killed Sigmund
  2703 | D:3      | Reached XP level 5. HP: 29/29 MP: 11/15
  2703 | D:3      | Reached XP level 6. HP: 34/34 MP: 11/16
  2735 | D:3      | Reached skill level 6 in Spellcasting
  2794 | D:3      | Found a stormy altar of Qazlal.
  2796 | D:3      | Found an ancient bone altar of Kikubaaqudgha.
  3178 | D:4      | Noticed Menkaure
  3311 | D:4      | Found a sand-covered staircase.
  3319 | Ossuary  | Entered an ossuary
  3519 | Ossuary  | Reached skill level 5 in Conjurations
  3731 | Ossuary  | Reached skill level 1 in Evocations
  4080 | D:4      | Reached skill level 1 in Air Magic
  4080 | D:4      | Reached XP level 7. HP: 38/38 MP: 11/19
  4186 | D:4      | Reached skill level 7 in Spellcasting
  4873 | D:4      | Killed Menkaure
  4874 | D:4      | Reached skill level 1 in Poison Magic
  4958 | D:5      | Entered Level 5 of the Dungeon
  4958 | D:5      | Noticed Dowan
  4959 | D:5      | Noticed Duvessa
  4974 | D:5      | Killed Dowan
  4977 | D:5      | Killed Duvessa
  5258 | D:5      | Reached skill level 8 in Spellcasting
  5329 | D:5      | Reached XP level 8. HP: 44/44 MP: 15/22
  6360 | D:6      | Noticed Eustachio
  6371 | D:6      | Killed Eustachio
  6372 | D:6      | Reached skill level 9 in Spellcasting
  6547 | D:6      | Found Ehegeg's Tremendous Tomes.
  6654 | D:6      | Noticed Pikel
  6660 | D:6      | Killed Pikel
  6661 | D:6      | Reached skill level 10 in Spellcasting
  6661 | D:6      | Reached XP level 9. HP: 43/48 MP: 16/25
  7066 | D:6      | Found a staircase to the Ecumenical Temple.
  7076 | Temple   | Entered the Ecumenical Temple
  7134 | Temple   | Became a worshipper of Vehumet
  7534 | D:7      | Reached skill level 1 in Shields
  7534 | D:7      | Reached skill level 11 in Spellcasting
  7732 | D:7      | Reached skill level 5 in Summonings
  8250 | D:7      | Found a burning altar of Makhleb.
  8388 | D:7      | Reached * piety under Vehumet
  8388 | D:7      | Offered knowledge of Shock by Vehumet.
  8578 | D:8      | Reached skill level 12 in Spellcasting
  9012 | D:8      | Found a bloodstained altar of Trog.
  9046 | D:8      | Reached XP level 10. HP: 39/53 MP: 23/28
  9142 | D:8      | Found Possa's Magic Scroll Shop.
  9282 | D:8      | Reached ** piety under Vehumet
  9282 | D:8      | Offered knowledge of Momentum Strike by Vehumet.
  9558 | D:8      | Noticed Maurice
  9589 | D:8      | Killed Maurice
  9770 | D:9      | Noticed a white ugly thing
  9771 | D:9      | Found a large runed translucent door.
  9771 | D:9      | Found a large runed translucent door.
  9771 | D:9      | Noticed a manticore
  9773 | D:9      | Found a large runed translucent door.
  9773 | D:9      | Found a large runed translucent door.
  9808 | D:8      | Bought a scroll of identify for 28 gold pieces
  9808 | D:8      | Bought a scroll of identify for 28 gold pieces
 10135 | D:9      | Reached skill level 13 in Spellcasting
 10193 | D:9      | Offered knowledge of Scorch by Vehumet.
 10489 | D:9      | Noticed a tengu warrior
 10683 | D:9      | Reached *** piety under Vehumet
 10820 | D:9      | Found a staircase to the Lair.
 10976 | D:9      | Learned a level 5 spell: Arcjolt
 11183 | D:9      | Reached skill level 14 in Spellcasting
 11289 | D:9      | Identified the +0 robe "Reklyn" {rF- Str+5}
 11385 | D:9      | Noticed a boulder beetle
 11648 | D:9      | Killed a boulder beetle
 11649 | D:9      | Reached XP level 11. HP: 46/60 MP: 4/31
 11815 | D:9      | Killed a tengu warrior
 12030 | D:9      | Mangled by a white ugly thing

Illustrated notes

Levels and vault maps discovered:
D:1:      tarquinn_simple_flora_water_c, layout_basic,
          shapermc_ecumenical_altar_gd, minmay_worlds_worst_comb
D:2:      layout_basic, patterned_corridor, uniq_crazy_yiuf_cottage
D:3:      layout_rooms, nicolae_overflow_hidden_temple, uniq_sigmund
D:4:      layout_basic, lightli_ossuary_entry_decrepit_ruins, uniq_menkaure
D:5:      layout_gridville, minmay_fractal_squares_gapless_5, uniq_duvessa
D:6:      layout_rooms, minmay_temple_entry_glassed_door, minivault_5,
          nicolae_shop_i_like_big_books, uniq_pikel, uniq_eustachio
D:7:      layout_basic, makhleb_blood_cavern_becter
D:8:      layout_basic, trog_three_pillars_becter, serial_shops,
          nicolae_take_the_stairs, minmay_crystal_water, st_stairs_3,
          nicolae_figureground_sparkle, uniq_maurice
D:9:      layout_long_grid, due_lair_maze_entry_diamond,
          chequers_serial_rivers_small_a, minmay_hollow_rounded_squares
Temple:   nicolae_temple_figure_eight

Skill      XL: |  1  2  3  4  5  6  7  8  9 10 |
---------------+-------------------------------+-----
Spellcasting   | 5 6 8 10 12 14 | 14.4
Fighting       | 1 2 3 |  3.7
Armour         | 1 2 3 |  3.0
Conjurations   | 2 4 5 7 8 9 |  9.4
Stealth        | 3 |  3.0
Dodging        | 3 |  3.0
Evocations     | 1 2 |  2.1
Air Magic      | 1 |  1.1
Poison Magic   | 1 |  1.1
Summonings     | 2 4 5 7 |  7.5
Shields        | 2 3 |  3.0
Translocations | |  1.1
Fire Magic     | |  0.8

Action                   |  1- 3 |  4- 6 |  7- 9 | 10-12 || total
-------------------------+-------+-------+-------+-------++-------
Melee: Dagger            |     5 |       |       |       ||     5
       Hand axe          |       |    28 |   101 |   157 ||   286
       Punch             |       |       |     4 |     1 ||     5
 Cast: Magic Dart        |    82 |    94 |   266 |    77 ||   519
       Mephitic Cloud    |     1 |     2 |    20 |    42 ||    65
       Call Imp          |     1 |     6 |    10 |    20 ||    37
       Blink             |       |     1 |     4 |     4 ||     9
       Arcjolt           |       |       |       |    14 ||    14
Evoke: Wand              |       |       |     2 |       ||     2
  Use: Scroll            |       |       |       |    16 ||    16
 Stab: Sleeping          |     3 |     1 |     1 |       ||     5
       Distracted        |       |     1 |       |     1 ||     2
       Confused          |       |       |     9 |    21 ||    30
Armor: Robe              |     9 |    12 |    73 |       ||    94
       Acid dragon scale |       |       |    18 |    94 ||   112
Dodge: Dodged            |    13 |    21 |   136 |   102 ||   272

Table legend: (Time is in decaauts)
 A = Elapsed time spent in this place.
 B = Non-inter-level travel time spent in this place.
 C = Inter-level travel time spent in this place.
 D = Time resting spent in this place.
 E = Time spent auto-exploring this place.
 F = Levels seen in this place.
 G = Mean time per level.
                   A        B        C        D        E       F      G
               +--------+--------+--------+--------+--------+-----+--------+
         Total |  12117 |  11740 |    377 |    874 |   8566 |  11 | 1101.5 |
       Dungeon |  11501 |  11135 |    366 |    833 |   8164 |   9 | 1277.9 |
        Temple |     70 |     59 |     11 |      0 |     53 |   1 |   70.0 |
       Ossuary |    544 |    544 |      0 |     41 |    349 |   1 |  544.0 |
               +--------+--------+--------+--------+--------+-----+--------+

Top non-repeatable levels by time:
     D:9: 2237 daAuts
     D:5: 1410 daAuts
     D:2: 1358 daAuts
     D:4: 1337 daAuts
     D:8: 1254 daAuts
     D:7: 1146 daAuts
     D:6: 1035 daAuts
     D:1: 994 daAuts
     D:3: 727 daAuts
 Ossuary: 544 daAuts
  Temple: 70 daAuts
